 Dungeon Crawl Stone Soup version 0.27.0-1-g7a089689b8 (webtiles) character file.

Game seed: 6008070135738718273

149 HungrySpirit the Vexing (level 5, -3/39 HPs)
             Began as a Human Arcane Marksman on July 31, 2021.
             Killed from afar by Sigmund (6 damage)
             ... with a magic dart
             ... on level 3 of the Dungeon.
             The game lasted 00:04:24 (4467 turns).

HungrySpirit the Vexing (Human Arcane Marksman)     Turns: 4467, Time: 00:04:24

Health: -3/39      AC:  2    Str: 11    XL:     5   Next: 56%
Magic:  6/6        EV: 12    Int: 14    God:
Gold:   125        SH:  0    Dex: 13    Spells: 5/6 levels left

rFire    . . .     SeeInvis .   o - +0 quick blade
rCold    . . .     Faith    .   (no shield)
rNeg     . . .     Spirit   .   d - +0 robe
rPois    .         Reflect  .   (no helmet)
rElec    .         Harm     .   (no cloak)
rCorr    .         Rampage  .   (no gloves)
Will     .....                  (no boots)
Stlth    +.........             (no amulet)
HPRegen  0.13/turn              m - ring of wizardry
MPRegen  0.10/turn              (no ring)

@: no status effects
A: no striking features
a: no special abilities


You were on level 3 of the Dungeon.
You visited 1 branch of the dungeon, and saw 3 of its levels.

You collected 125 gold pieces.

Inventory:

Hand Weapons
 a - a +0 shortbow
 j - a +1 whip of holy wrath
 o - a +0 quick blade (weapon)
Missiles
 c - 37 arrows
Armour
 d - a +0 robe (worn)
Jewellery
 k - an amulet of faith
 m - a ring of wizardry (left hand)
Scrolls
 e - a scroll of vulnerability {unknown}
 h - a scroll of noise {unknown}
 i - a scroll of identify {unknown}
 n - a scroll of magic mapping {unknown}
Potions
 b - a potion of brilliance


   Skills:
 + Level 2.3 Fighting
 * Level 2.5 Short Blades
 - Level 2.0 Bows
 + Level 2.0 Armour
 + Level 3.0 Dodging
 - Level 1.0 Spellcasting
 - Level 3.0 Hexes


You had 5 spell levels left.
You knew the following spells:

 Your Spells              Type           Power      Damage    Failure   Level
a - Corona                Hex            10%        N/A       3%          1

Your spell library contained the following spells:

 Spells                   Type           Power      Damage    Failure   Level
 Slow                     Hex            9%         N/A       4%          2
 Sandblast                Erth           0%         2d4       11%         1
 Passwall                 Tmut/Erth      0%         N/A       16%         2
 Inner Flame              Hex/Fire       4%         N/A       16%         3
 Portal Projectile        Hex/Tloc       8%         N/A       16%         3
 Cause Fear               Hex            4%         N/A       28%         4
 Lee's Rapid Deconstruct  Erth           0%         3d5*      94%         5


Dungeon Overview and Level Annotations

Branches:
Dungeon (3/15)

Altars:

Annotations:
D:3 Jessica, Sigmund


Message History

You hit Sigmund but do no damage.
Sigmund is moderately wounded.
You closely miss Sigmund.
Sigmund is moderately wounded.
Sigmund gestures at you while chanting. The magic dart hits you!
You hit Sigmund.
Sigmund is moderately wounded.
You hit Sigmund.
Sigmund is moderately wounded.
Sigmund hits you with a +0 scythe!
* * * LOW HITPOINT WARNING * * *
You hit Sigmund but do no damage.
Sigmund is moderately wounded.
You hit Sigmund but do no damage.
Sigmund is moderately wounded.
Sigmund completely misses you.
You hit Sigmund but do no damage.
Sigmund is moderately wounded.
Sigmund closely misses you.
You barely miss Sigmund.
Sigmund is moderately wounded.
You closely miss Sigmund.
Sigmund is moderately wounded.
Sigmund misses you.
You hit Sigmund but do no damage.
Sigmund is moderately wounded.
You hit Sigmund.
Sigmund is heavily wounded.
Sigmund barely misses you.
You hit Sigmund but do no damage.
Sigmund is heavily wounded.
You hit Sigmund.
Sigmund is heavily wounded.
Sigmund closely misses you.
You hit Sigmund.
Sigmund is severely wounded.
Sigmund points at you and mumbles some strange words.
The magic dart hits you.
You die... #.#.# #.. #.#.# #.. #.#.# #P. #.#.# #.. #.#.# #.. ##.#.# #PP

#....#########
#.......).....
#...##@.......
######@..>..##
##........#
##..###....#
#>.## #.....
#..# ..##.
##..## ....
##....# '#..
##.##### #.


You could see Sigmund.

Vanquished Creatures
  A hound zombie (D:3)
  A hound skeleton (D:3)
  3 gnolls (D:2)
  2 adders
  An adder skeleton (D:3)
  A dart slug (D:1)
  2 bats
  7 endoplasms
  8 goblins
  4 hobgoblins
  17 jackals
  A quokka (D:1)
  8 ball pythons
  A ball python skeleton (D:3)
  3 kobolds (D:1)
  6 rats
66 creatures vanquished.

Vanquished Creatures (others)
  4 withered plants (D:3)
4 creatures vanquished.

Grand Total: 70 creatures vanquished

Notes
Turn   | Place    | Note
-------+----------+-------------------------------------------
     0 | D:1      | HungrySpirit the Human Arcane Marksman began the quest for
                  | the Orb.
     0 | D:1      | Reached XP level 1. HP: 15/15 MP: 2/2
   188 | D:1      | Reached XP level 2. HP: 20/21 MP: 3/3
   545 | D:1      | Reached skill level 1 in Armour
   551 | D:1      | Reached XP level 3. HP: 16/26 MP: 4/4
   805 | D:1      | Reached skill level 1 in Short Blades
  1979 | D:2      | Reached XP level 4. HP: 24/33 MP: 5/5
  3292 | D:3      | Noticed Jessica
  3464 | D:3      | Noticed Sigmund
  3551 | D:3      | Reached XP level 5. HP: 34/38 MP: 6/6
  4467 | D:3      | Killed from afar by Sigmund

Illustrated notes

Levels and vault maps discovered:
D:1:      lemuel_arrival_broad_hall, layout_basic
D:2:      layout_basic
D:3:      layout_loops_ring, nicolae_qazlal_eye_of_the_storm, serial_undead,
          serial_undead_b, serial_undead_c, serial_undead_a, serial_undead_d,
          minmay_joined_circles, uniq_jessica, uniq_sigmund

Skill      XL: |  1  2  3  4  5 |
---------------+----------------+-----
Armour         | 1 2 |  2.0
Short Blades   | 1 2 |  2.5
Fighting       | 2 |  2.3
Dodging        | 3 |  3.0
Bows           | |  2.0
Spellcasting   | |  1.0
Hexes          | |  3.0

Action                   |  1- 3 |  4- 6 || total
-------------------------+-------+-------++-------
Melee: Short sword       |   107 |    51 ||   158
       Quick blade       |       |   121 ||   121
 Fire: Shortbow          |    57 |    12 ||    69
  Use: Potion            |     2 |     1 ||     3
 Stab: Sleeping          |     1 |     1 ||     2
Armor: Robe              |    20 |    23 ||    43
Dodge: Dodged            |    82 |    71 ||   153
